 Dungeon Crawl Stone Soup version 0.32-a0-20-ge526923d97 (webtiles) character file.

Game seed: 4600100204353619778

63 croobank the Sneak (level 4, -2/35 HPs)
             Began as a Human Delver on Jan 18, 2024.
             Slain by a wyvern (18 damage)
             ... on level 5 of the Dungeon.
             The game lasted 00:02:06 (390 turns).

croobank the Sneak (Human Delver)                    Turns: 390, Time: 00:02:06

Health: -2/35      AC:  3    Str: 13    XL:     4   Next: 10%
Magic:  4/4        EV: 12    Int: 12    God:
Gold:   37         SH:  0    Dex: 14    Spells: 3/3 levels left

rFire   . . .        a - +0 short sword
rCold   . . .        (no shield)
rNeg    . . .        b - +0 leather armour
rPois   .            (no helmet)
rElec   .            (no cloak)
rCorr   .            (no gloves)
SInv    .            (no boots)
Will    .....        (no amulet)
Stlth   +++          (no ring)
HPRegen 0.25/turn    (no ring)
MPRegen 0.09/turn

%: no passive effects
@: hasted, very quick
A: explore regen
a: no special abilities


You were on level 5 of the Dungeon.
You visited 1 branch of the dungeon, and saw 2 of its levels.

You collected 37 gold pieces.

Inventory:

Hand Weapons
 a - a +0 short sword (weapon)
Armour
 b - a +0 leather armour (worn)
Wands
 g - a wand of digging (2)


   Skills:
 + Level 3.5 Fighting
 + Level 2.7 Short Blades
 + Level 2.7 Dodging
 + Level 5.4 Stealth


You had 3 spell levels left.
You didn't know any spells.
Your spell library was empty.

Dungeon Overview and Level Annotations

Branches:
Dungeon (6/15)
 Temple: D:4-7

Altars:


Innate Abilities, Weirdness & Mutations

You regain HP and MP as you explore.


Message History

The hound bites you.
You barely miss the hound.
The hound is heavily wounded.
The hound bites you. The hound closely misses you.
You hit the hound but do no damage.
The hound is heavily wounded.
The hound bites you but does no damage.
You hit the hound.
The hound is heavily wounded.
The hound barely misses you.
You hit the hound but do no damage.
The hound is heavily wounded.
You feel your willpower return. The hound barely misses you.
You hit the hound.
The hound is severely wounded.
The hound misses you. The hound bites you.
You hit the hound.
You kill the hound!
You have reached level 4!
You feel stronger.
Unknown command.
Found 3 stones.
You start resting.
A phantom opens the door.
You close the door.
A phantom opens the door.
You see here 3 stones.
You feel yourself speed up.
A wyvern comes into view.
The wyvern hisses angrily.
The wyvern attacks as it pursues you! The wyvern closely misses you.
The wyvern attacks as it pursues you! The wyvern bites you!
The wyvern attacks as it pursues you! The wyvern bites you!
The wyvern attacks as it pursues you! The wyvern bites you.
Found an escape hatch in the ceiling.
Found a stone staircase leading up.
There is a stone staircase leading up here.
As you read the scroll of fog, it dissolves into smoke.
The wyvern bites you!!
Ouch! That really hurt!
You die...

******### *,,,,,..# *,****#.# ###
*,* #.# ####.#*
*,#####.#####.#.#.######
*,#...§§§.....W###.W....
*,#.###k###.....#.####W. *,*,*
#@# ##........##.. *,*,**#§#
#...#.##.##.W *,,,,,§§#
#.....#*.##.. ******* ***,*####
##..###*,##.. ,,,,,,* *,,,,*
*#...,,,,*#.. ,****,* ****,*
*#...##****### ,* *,* ****,*
*#.....** ## ,****,*
**,**,**#.......** ###.
,,,,*,*****,,,,,,#........?###...


You could see a wyvern.

Vanquished Creatures
  A bombardier beetle (D:5)
  A hound (D:5)
2 creatures vanquished.

Notes
Turn   | Place    | Note
-------+----------+-------------------------------------------
     0 | D:5      | croobank the Human Delver began the quest for the Orb.
     0 | D:5      | Reached XP level 1. HP: 18/18 MP: 1/1
     5 | D:6      | Noticed an iguana
    64 | D:5      | Noticed a bombardier beetle
    69 | D:5      | Killed a bombardier beetle
    70 | D:5      | Reached XP level 2. HP: 24/24 MP: 2/2
    70 | D:5      | Reached XP level 3. HP: 29/29 MP: 3/3
   181 | D:5      | Noticed a scorpion
   263 | D:5      | Noticed a phantom
   309 | D:5      | Reached XP level 4. HP: 13/35 MP: 4/4
   377 | D:5      | Noticed a wyvern
   390 | D:5      | Slain by a wyvern

Illustrated notes

Levels and vault maps discovered:
D:5:      layout_loops_corners, uniq_sigmund
D:6:      layout_cave_pools

Action                     |  1- 3 |  4- 6 || total
---------------------------+-------+-------++-------
  Melee: Short sword       |    41 |       ||    41
         Punch             |     2 |       ||     2
  Evoke: Wand              |     1 |       ||     1
    Use: Scroll            |     4 |     1 ||     5
         Potion            |       |     1 ||     1
   Stab: Sleeping          |     2 |       ||     2
 Armour: Leather armour    |    30 |     4 ||    34
  Dodge: Dodged            |    21 |     1 ||    22

Table legend: (Time is in decaauts)
 A = Elapsed time spent in this place.
 B = Non-inter-level travel time spent in this place.
 C = Inter-level travel time spent in this place.
 D = Time resting spent in this place.
 E = Time spent auto-exploring this place.
 F = Levels seen in this place.
 G = Mean time per level.
                   A        B        C        D        E       F      G
               +--------+--------+--------+--------+--------+-----+--------+
         Total |    377 |    377 |      0 |    156 |      0 |   2 |  188.5 |
       Dungeon |    377 |    377 |      0 |    156 |      0 |   2 |  188.5 |
               +--------+--------+--------+--------+--------+-----+--------+

Top non-repeatable levels by time:
     D:5: 366 daAuts
     D:6: 10 daAuts
